[Event "15th Tashkent Open Agzamov 2022"]
[Site "Tashkent"]
[Date "2022.05.08"]
[Round "7.2"]
[White "Abdisalimov, Abdimalik"]
[Black "Sindarov, Javokhir"]
[Result "0-1"]
[ECO "E70"]
[WhiteElo "2435"]
[BlackElo "2609"]
[Annotator "TA"]
[PlyCount "76"]
[EventDate "2022.05.05"]
[EventType "swiss"]
[EventCountry "UZB"]
[SourceTitle "playchess.com"]
[Source "ChessBase"]
[SourceQuality "1"]
[TimeControl "5400+30"]

1. d4 Nf6 2. c4 g6 3. Nc3 Bg7 4. e4 d6 5. Nge2 O-O 6. Ng3 a5 7. Be2 e5 8. d5 Na6 9. h4 h5 10. Bg5 Qe8 11. Qd2 Kh7 12. O-O-O {[%emt 0:08:18] E70: King's Indian: Miscellaneous lines with 4 e4, including 5 Nge2 and 5 Bd3 0-0 6 Nge2.} Ng4 13. Qe1 f6 14. Bd2 {[%emt 0:01:00] [#] White has an edge.} Bh6 $146 ({Predecessor:} 14... f5 15. f3 Nh6 16. Kb1 f4 17. Nf1 a4 18. Nb5 Bd7 19. Bc3 Rf6 20. g3 Nf7 21. gxf4 exf4 22. Bxf6 Bxf6 {0-1 (32) Crevatin,L (2275)-Kucuksari,K (2369) Uppsala 2021}) 15. Bxh6 Nxh6 16. Qd2 Nc5 17. Rdf1 Bd7 18. b3 Qe7 19. Bd1 Rab8 20. a4 {[%emt 0:06:53] Against b5} (20. Be2 $11) 20... c6 $15 21. Bc2 (21. Kb2 $15) 21... Be8 {[%emt 0:10:55] Black is more active.} (21... b5 $1 $17 {[%cal Rb5c4] White must now prevent ...bxc4.} 22. dxc6 bxa4 23. cxd7 axb3) 22. Rd1 $1 Bf7 (22... Qc7 $15) 23. Nge2 {[%emt 0:04:33] [#]} (23. Kb2 $11) 23... Qc7 ({Reject} 23... Ng4 24. Rdf1 $14) ({Black should play} 23... Rfc8 $1 $17 {[%cal Ob7b5] Hoping for ...b5!} 24. Kb2 Qc7) 24. Kb2 Ng4 25. Nc1 ({Better is} 25. Rhf1 $1 $11) 25... b5 $1 26. cxb5 cxb5 27. f3 {[%emt 0:01:14] [#] This costs White the game.} (27. axb5 $17 {keeps fighting.} Be8 28. f3) 27... bxa4 $1 $19 28. fxg4 axb3 29. Bd3 (29. Nxb3 $2 a4 30. Nxa4 Nxa4+ 31. Kb1 hxg4 $19) 29... a4 {[%emt 0:01:48] Threatens to win with ...a3+.} (29... hxg4 $2 30. N1e2 $19) 30. Nb1 a3+ ({But not} 30... hxg4 $2 31. Na3 $19) 31. Nxa3 Ra8 {[%emt 0:05:29] Really sharp!} (31... Na4+ 32. Kb1 $15) 32. Qb4 (32. Nb5 Nxd3+ 33. Nxd3) 32... Na4+ (32... Ra4 $142 33. Qe1 {[#]} Rxa3 $1 ) 33. Kb1 (33. Ka1 $2 Rfb8 34. Qc4 b2+ 35. Kb1 bxc1=N+ 36. Kxc1 Qa5) (33. Kxb3 $142 Rfb8 34. Nb5) 33... Rfb8 ({Not} 33... Nc3+ $2 34. Kb2 Rfc8 35. Ne2 Nxe2 36. Bxe2 $19) 34. Qc4 Nc3+ {[%emt 0:00:55][%mdl 64] Discovered Attack, Double Attack} 35. Kb2 Nxd1+ 36. Rxd1 Qa5 37. Nb5 Qa1+ 38. Kxb3 {[%emt 0:00:01] [#]} Rxb5+ $1 {[%emt 0:00:14][%mdl 512] Weighted Error Value: White=0.79/Black=0.28 (precise)} 0-1

[Event "15th Tashkent Open Agzamov 2022"]
[Site "Tashkent"]
[Date "2022.05.08"]
[Round "7.3"]
[White "Madaminov, Mukhiddin"]
[Black "Sanal, Vahap"]
[Result "0-1"]
[ECO "E62"]
[WhiteElo "2308"]
[BlackElo "2575"]
[Annotator "TA"]
[PlyCount "72"]
[EventDate "2022.05.05"]
[EventType "swiss"]
[EventCountry "UZB"]
[SourceTitle "playchess.com"]
[Source "ChessBase"]
[SourceQuality "1"]
[TimeControl "5400+30"]

1. d4 Nf6 2. c4 g6 3. Nc3 Bg7 4. Nf3 d6 5. g3 O-O 6. Bg2 c6 7. O-O Qb6 8. b3 e5 9. h3 {[%emt 0:17:40] 9.Bb2 is becoming the main line. E62: King's Indian: Fianchetto: 6...c6 and Panno Variation (6...Nc6) without ...a6.} e4 10. Ne1 d5 {[%emt 0:00:14] [#]} 11. Nc2 $146 {[%emt 0:01:25] The position is equal.} ({Predecessor:} 11. Ba3 Re8 12. Nc2 Na6 {½-½ (12) Krejci,J (2521)-Narayanan,S (2475) Olomouc 2013}) 11... Be6 12. Rb1 Re8 13. c5 Qd8 14. b4 Qc8 15. Kh2 (15. g4 $142) 15... Nh5 $11 16. Rg1 f5 17. Bf4 (17. Bd2 $11 {keeps the balance.}) 17... Nd7 ({Better is} 17... Nxf4 $17 18. gxf4 Nd7) 18. Bd6 Bf8 19. Bxf8 $1 Rxf8 20. e3 Ndf6 21. b5 g5 22. Nb4 Kh8 $1 23. bxc6 bxc6 24. Qa4 (24. f4 $17 {was called for.} Rg8 25. Ne2) 24... Bd7 $19 25. Na6 (25. Qa6 $142 Qc7 26. Bf1) 25... f4 26. Qa5 Rf7 {[%emt 0:15:29][%cal Od7h3] Threatens to win with ...Bxh3!} 27. Nc7 $2 (27. gxf4 gxf4 28. Bf1) 27... Qd8 28. gxf4 (28. Rb7 $142 Bc8 29. Rxa7 Rxa7 30. Qxa7) 28... gxf4 {[%emt 0:00:48][%cal Of6g4] Hoping for ...Ng4+!} 29. Rb7 {[%emt 0:00:48] [#]} fxe3 (29... Ng4+ $142 $1 30. hxg4 Qh4+ 31. Bh3 {[#]} fxe3 $1 32. Nxe4 dxe4 $1 33. Qe1 exf2 $1 34. Qf1 fxg1=R 35. Kxg1 Rxf1+ 36. Bxf1 Rf8 37. Bg2 Qf2+ 38. Kh2 Nf4 39. Rb2 Qxb2 40. Kg3 Qxg2+ 41. Kh4 Qxg4#) 30. Nd1 {[%emt 0:01:31] [#]} Ng4+ $1 31. hxg4 (31. Kh1 exf2) 31... Qh4+ 32. Bh3 {[%emt 0:00:30] [#]} Rf3 $1 {[%emt 0:00:30][%csl Gf3][%cal Rh4h3][%mdl 512] Black mates.} 33. Rg3 Nxg3 34. Nxa8 Nf1+ 35. Kg1 exf2+ 36. Kxf1 Qxh3+ {[%emt 0:00:30] Weighted Error Value: White=0.72/Black=0.31} 0-1

[Event "15th Tashkent Open Agzamov 2022"]
[Site "Tashkent"]
[Date "2022.05.08"]
[Round "7.4"]
[White "Romanov, Evgeny"]
[Black "Vakhidov, Jakhongir"]
[Result "1-0"]
[ECO "D02"]
[WhiteElo "2573"]
[BlackElo "2552"]
[Annotator "TA"]
[PlyCount "129"]
[EventDate "2022.05.05"]
[EventType "swiss"]
[EventCountry "UZB"]
[SourceTitle "playchess.com"]
[Source "ChessBase"]
[SourceQuality "1"]
[TimeControl "5400+30"]

1. d4 Nf6 2. Nf3 g6 3. Nbd2 d5 4. Nb3 Nbd7 5. c3 Bg7 {[%emt 0:00:47] [#]} 6. h3 $146 {[%emt 0:00:00] D02: 1 d4 d5 2 Nf3 sidelines, including 2...Nf6 3 g3 and 2...Nf6 3 Bf4.} ({Predecessor:} 6. Bf4 Ne4 7. e3 O-O 8. Rc1 c5 9. c4 cxd4 10. exd4 Ndf6 11. h3 Bd7 12. Be2 {½-½ (45) Hampl,J (1784)-Tschunko,O (1948) Czech Republic 2007}) 6... c5 7. Bf4 O-O 8. e3 {[%emt 0:00:00] The position is equal.} Qb6 9. Qc2 Ne4 10. Be2 Ndf6 11. g4 cxd4 12. exd4 Ne8 13. Ne5 f6 14. Nd3 e5 15. Be3 Qc7 16. O-O-O a5 {[%emt 0:04:36] Against Nb4} 17. Ndc5 exd4 18. Bxd4 Nxf2 19. Bxf2 Qf4+ 20. Kb1 Qxf2 21. Nd4 (21. Rxd5 $16 {aiming for Nd7.} Kh8 22. Rf1) 21... Nc7 $11 22. h4 {[%emt 0:00:00][%cal Bh3h4,Bh4h5,Bh5h6][%mdl 1056] Threatens to win with h5. White has compensation.} Re8 (22... f5 $5 23. h5 fxg4 24. hxg6 g3 $11) 23. Nd3 {[%emt 0:00:00] Pair of Knights!} Qg3 24. h5 {[%emt 0:00:00] Hoping for hxg6.} g5 (24... Bxg4 $2 25. Rdg1 Qd6 26. Bxg4 $18) 25. h6 Bf8 26. Rdf1 Qd6 27. Rh3 Bd7 28. Rhf3 Ra6 29. Nc1 Rb6 (29... b5 $14 {deserves consideration.}) 30. Bd3 $36 {[%emt 0:00:00][%mdl 2048] White is on the roll.} Qe7 31. Nf5 $1 (31. Bf5 $6 Nb5 32. Nxb5 Bxb5 $15) 31... Bxf5 32. Rxf5 Bxh6 33. Qh2 Bf8 {[%emt 0:00:03] [#]} 34. Rxf6 $1 Rxf6 35. Rxf6 h6 36. Rg6+ Kh8 37. a4 (37. Bf5 $16) 37... Rd8 (37... Qe5 $1 $11 {keeps the balance.} 38. Qxe5+ (38. Rxh6+ Bxh6 39. Qxh6+ Kg8 $11) 38... Rxe5) 38. Rb6 (38. Nb3 $16) 38... Ne8 39. Nb3 Nd6 {[%emt 0:00:49] White must now prevent ...Qe3.} 40. Nd4 Qc7 {[%emt 0:02:28] [#]} 41. Nf5 $1 {[%emt 0:07:22][%cal Ob1c2] 0x0.002b17382f60dp-1022s more active pieces.} ({Much weaker is} 41. Qe5+ $6 Bg7 42. Qe6 (42. Ne6 Bxe5 43. Nxc7 h5 $11) 42... Bxd4 43. Qxh6+ Kg8 44. cxd4 Qxb6 $11) 41... Ne8 $2 {[%emt 0:01:57][%mdl 8192] This costs Black the game.} (41... Qxb6 $2 42. Qe5+ Kg8 43. Qe6+ Nf7 44. Qxb6 $18) (41... Re8 $16 42. Rxd6 Re6) 42. Rxh6+ $18 Bxh6 43. Qxh6+ Kg8 44. Qxg5+ Kf8 45. Qh6+ Kg8 46. Qg6+ Kf8 47. Nd4 {[%emt 0:01:09] White wants to mate with Ne6+.} Ng7 48. g5 (48. Qf6+ $142 Kg8 49. Qh4) 48... Rd6 (48... Qe7 $142 49. Qh6 Rd6) 49. Qh7 Qf7 50. g6 {[%emt 0:01:02] Dancing on a razor blade.} Qf6 51. Qh8+ Ke7 52. Qc8 Rd7 53. Qc5+ ({Not} 53. Bb5 Qxg6+ 54. Ka2 Qe8 55. Qc5+ (55. Bxd7 Qxd7 56. Qc5+ Kf7 $18) 55... Kf7 56. Bxd7 Qxd7 $18) 53... Qd6 54. Qxa5 Kf6 {[%emt 0:00:26] [#]} 55. Qa8 $1 {[%emt 0:00:21] Strongly threatening Qh8.} Ke7 56. Nf5+ Nxf5 57. Bxf5 {[%emt 0:00:01] Threatening mate with Qh8.} Qf4 $2 (57... Kf6 $18) 58. Bxd7 {[%emt 0:00:38] White mates.} Qf1+ 59. Ka2 Qc4+ 60. b3 Qxc3 61. Qxb7 Qd2+ 62. Ka3 Qc1+ 63. Kb4 Qe1+ 64. Kb5 Qf1+ 65. Ka5 {[%emt 0:00:12] Weighted Error Value: White=0.20 (precise) /Black=0.26 (precise)} 1-0

[Event "15th Tashkent Open Agzamov 2022"]
[Site "Tashkent"]
[Date "2022.05.08"]
[Round "7.5"]
[White "Suleymenov, Alisher"]
[Black "Utegaliyev, Azamat"]
[Result "1/2-1/2"]
[ECO "A42"]
[WhiteElo "2445"]
[BlackElo "2463"]
[Annotator "TA"]
[PlyCount "83"]
[EventDate "2022.05.05"]
[EventType "swiss"]
[EventCountry "UZB"]
[SourceTitle "playchess.com"]
[Source "ChessBase"]
[SourceQuality "1"]
[TimeControl "5400+30"]

1. d4 g6 2. c4 Bg7 3. e4 d6 4. Nc3 e5 5. Nf3 exd4 6. Nxd4 Nc6 7. Be3 Nge7 8. Be2 f5 9. O-O O-O 10. Qd2 fxe4 11. Nxe4 Bf5 {[%emt 0:08:32] [#] aiming for ...Bxd4. A42: Modern Defence: Averbakh Variation.} 12. Nc3 {[%emt 0:04:31] [#]} ({Of course not} 12. Nxf5 Nxf5 13. Bg5 Qd7 $11) 12... Qd7 $146 ({Predecessor:} 12... Nxd4 13. Bxd4 Bxd4 14. Qxd4 Nc6 15. Qd2 Qf6 16. Nd5 Qd4 17. Rfd1 Qxd2 18. Rxd2 Rac8 19. h3 Rfe8 {0-1 (75) Esipenko,A (2682)-Andreikin,D (2726) Chess.com INT 2020}) 13. Rfe1 Rae8 14. Rad1 Nxd4 15. Bxd4 Nc6 16. Bxg7 Qxg7 17. Nd5 Be6 18. Bf1 Qf7 19. b3 Ne5 20. h3 Bxd5 21. cxd5 Qf4 22. Qxf4 (22. Re2 {looks sharper.} Re7 23. Qxf4 Rxf4 24. g3) 22... Rxf4 23. Re2 g5 24. Rc2 Re7 25. Be2 Kg7 26. g3 Rf6 27. b4 c6 28. a4 h6 29. a5 (29. Kg2 {seems wilder.} Ref7 30. Bh5 Rf8 31. Rd4) 29... cxd5 30. b5 Nc4 31. a6 Rfe6 {[%emt 0:05:16] [#]} 32. axb7 $1 Rxb7 33. Rxd5 Nb6 34. Rd4 d5 35. Bf3 Rd6 36. h4 Kf6 37. h5 Re7 38. Kg2 Ke5 39. Rd1 {[%emt 0:01:46] White is more active.} Kf5 40. Rd4 Ke5 $1 41. Rd3 Kf5 42. Rd4 {[%emt 0:01:53] Weighted Error Value: White=0.08 (flawless) /Black=0.06 (flawless)} ({Better is} 42. Rc5 $14) 1/2-1/2

[Event "15th Tashkent Open Agzamov 2022"]
[Site "Tashkent"]
[Date "2022.05.08"]
[Round "7.6"]
[White "Bernadskiy, Vitaliy"]
[Black "Assaubayeva, Bibisara"]
[Result "1/2-1/2"]
[ECO "E66"]
[WhiteElo "2636"]
[BlackElo "2439"]
[Annotator "TA"]
[PlyCount "68"]
[EventDate "2022.05.05"]
[EventType "swiss"]
[EventCountry "UZB"]
[SourceTitle "playchess.com"]
[Source "ChessBase"]
[SourceQuality "1"]
[TimeControl "5400+30"]

1. d4 Nf6 2. c4 g6 3. g3 Bg7 4. Bg2 O-O 5. Nc3 d6 6. Nf3 c5 7. O-O Nc6 8. d5 Na5 9. Qd3 e6 10. e4 exd5 11. cxd5 Re8 12. Bf4 a6 13. Rfe1 {[%emt 0:03:39] [#]} Ng4 $146 {[%emt 0:18:52] E66: King's Indian: Fianchetto: 6...c5 7 0-0 Nc6 8 d5.} ({Predecessor:} 13... Nh5 14. Be3 b5 15. Nd2 c4 16. Qc2 Qc7 17. Ne2 Bd7 18. Bd4 Bxd4 19. Nxd4 Qc5 20. Ne2 Rac8 21. a3 {0-1 (48) Geru,V (1934)-Naidich,V Kishinev 2007}) 14. h3 Ne5 15. Nxe5 Bxe5 {[%emt 0:01:14] White is slightly better.} 16. Bxe5 dxe5 17. Qe3 b6 18. b3 {[%emt 0:00:15] Prevents Nc4.} Nb7 19. f4 Nd6 20. Na4 Ra7 21. b4 cxb4 22. Nxb6 Rae7 {[%emt 0:07:29][%cal Oc8f5] [#] White must now prevent ...Bf5!} 23. Nxc8 Qxc8 24. f5 Rc7 25. Qh6 {[%emt 0:08:49] Intending f6 and mate.} Rd8 26. Rf1 {[%emt 0:02:48] The position is equal.} Rc2 {[%emt 0:01:06] Strongly threatening ...Qc3.} 27. Rac1 Qc5+ 28. Kh2 Rc8 (28... Nxe4 $2 29. Rxc2 (29. f6 Nxf6 30. Rxc2 Qxc2 $18) 29... Qxc2 30. f6 (30. Qh4 Rxd5 31. Qxe4 Qxe4 $16) 30... Nxf6 31. Qg5 $18 (31. Rxf6 Rxd5 32. Rxa6 Rd8 $18)) 29. Rxc2 Qxc2 30. Qg5 {[%emt 0:00:04] [#] aiming for fxg6.} Nxe4 31. Qe7 {[%emt 0:04:35][%csl LRb4,LRe5] And now fxg6 would win.} Qd3 $1 (31... Qxa2 32. fxg6 fxg6 33. Qe6+ Kg7 34. Qxc8 $18) 32. fxg6 Qxg3+ 33. Kg1 {[%emt 0:00:11] Chess con chili.} Qe3+ 34. Kh2 Qg3+ {[%emt 0:00:04] Weighted Error Value: White=0.06 (flawless) /Black=0.07 (flawless)} 1/2-1/2

[Event "15th Tashkent Open Agzamov 2022"]
[Site "Tashkent"]
[Date "2022.05.08"]
[Round "7.7"]
[White "Abdurakhmonov, Mukhammadali"]
[Black "Aditya Mittal"]
[Result "1-0"]
[ECO "E11"]
[WhiteElo "2308"]
[BlackElo "2490"]
[Annotator "TA"]
[PlyCount "91"]
[EventDate "2022.05.05"]
[EventType "swiss"]
[EventCountry "UZB"]
[SourceTitle "playchess.com"]
[Source "ChessBase"]
[SourceQuality "1"]
[TimeControl "5400+30"]

1. d4 Nf6 2. Nf3 d5 3. c4 e6 4. g3 Bb4+ 5. Bd2 Be7 6. Bg2 O-O 7. Qc2 Nbd7 {[%emt 0:00:11] is more profitable than 7...c6 at the moment.} 8. O-O c6 9. Bg5 b6 {[%emt 0:09:17][%cal Bb7b6,Bb6c5,Bc5c4][%mdl 32] E11: Bogo-Indian.} 10. Nbd2 Bb7 11. Rfd1 c5 {[%emt 0:05:32] The position is equal.} 12. dxc5 bxc5 {[%emt 0:05:36] [#]} 13. Ne1 $146 ({Predecessor:} 13. cxd5 exd5 14. e4 dxe4 15. Bxf6 Nxf6 16. Ng5 Qc7 17. Ngxe4 Rad8 18. Rac1 Rd4 19. Nxf6+ Bxf6 20. Ne4 Bxe4 21. Bxe4 {½-½ (41) Petrosyan,M (2570)-Petrosian,T (2606) Yerevan 2018}) 13... Rc8 14. Rac1 Nb6 15. Nd3 h6 16. Bxf6 Bxf6 17. cxd5 c4 18. Nf4 exd5 19. Nb1 (19. Ne4 $5) 19... Bc6 {[%emt 0:11:02] Strongly threatening ...Ba4.} 20. Nc3 {[%emt 0:00:14] Prevents Ba4.} d4 21. Bxc6 Rxc6 22. Nb5 $1 Re8 {[%emt 0:02:25] [#] Prevents e3.} (22... Qd7 $11 {remains equal.}) 23. e3 $1 $16 d3 {[%emt 0:01:30] [#]} 24. Rxd3 Qe7 (24... cxd3 25. Qxc6) 25. Rd2 {[%emt 0:01:29] White is more active.} Qb4 26. Nc3 ({But not} 26. Nxa7 $2 Rc7 27. Nh5 (27. a3 $2 Qa5 $19) 27... Be7 $19) 26... Be5 27. Nfd5 {[%emt 0:01:22] Pair of Knights!} Qf8 28. Rcd1 Rb8 (28... Qc5 $16 29. e4 Rcc8) 29. Nxb6 axb6 30. Nb5 g6 31. a4 Qb4 32. Qe4 Rc5 $2 (32... Re6 {is a better chance.} 33. Qc2 Ra8) 33. Rd8+ $18 Rxd8 34. Rxd8+ Kg7 35. Nd6 Qxb2 (35... Qxa4 $142 36. Ne8+ Kf8) 36. Ne8+ Kh7 {[%emt 0:00:08] [#]} 37. Rd7 $1 h5 38. Rxf7+ {[%emt 0:00:41] White mates.} Kh6 39. Qb7 Qb1+ 40. Kg2 g5 41. e4 Bc7 42. Nxc7 h4 43. Rf6+ Kh5 44. g4+ Kxg4 45. Qc8+ Kh5 46. Qe8+ {[%emt 0:00:05] Weighted Error Value: White=0.06 (flawless) /Black=0.41} 1-0

[Event "15th Tashkent Open Agzamov 2022"]
[Site "Tashkent"]
[Date "2022.05.08"]
[Round "7.8"]
[White "Temirov, Bakhyt"]
[Black "Nigmatov, Ortik"]
[Result "0-1"]
[ECO "A26"]
[WhiteElo "2205"]
[BlackElo "2463"]
[Annotator "TA"]
[PlyCount "90"]
[EventDate "2022.05.05"]
[EventType "swiss"]
[EventCountry "UZB"]
[SourceTitle "playchess.com"]
[Source "ChessBase"]
[SourceQuality "1"]
[TimeControl "5400+30"]

1. Nf3 Nf6 2. c4 g6 3. g3 Bg7 4. Bg2 O-O 5. Nc3 d6 6. O-O e5 7. d3 Nc6 8. Rb1 a5 9. b3 h6 {[%emt 0:00:27] A26: English Opening vs King's Indian with ...Nc6 and d3.} 10. Bb2 Nh7 {[%emt 0:03:13] [#]} 11. d4 $146 ({Predecessor:} 11. Nd5 g5 12. Ne1 f5 13. f4 Nd4 14. e3 Ne6 15. Qd2 c6 16. Nc3 Bd7 17. Ne2 {0-1 (62) Rotstein,A (2525)-Inarkiev,E (2604) Izmir 2004}) 11... Nxd4 {[%emt 0:09:59] The position is equal.} 12. Nxd4 exd4 13. Nb5 c5 14. e3 dxe3 15. Bxg7 Kxg7 16. fxe3 Ra6 17. Rb2 Qe7 18. Rd2 Rd8 19. Kh1 Bf5 20. Qf3 d5 21. Rxd5 Ng5 (21... Rf6 $15 22. Rxd8 Be4) 22. Qe2 Re8 23. Nc3 Qxe3 24. Qb2 Kg8 25. Rd2 {[%emt 0:00:57] [#] Re2 is the strong threat.} Be4 26. Nxe4 Nxe4 27. Rd7 Rf8 28. Rxb7 $2 {[%emt 0:00:30] [#]} (28. Bxe4 $11 {and White stays safe.} Qxe4+ 29. Qg2) 28... Re6 $2 ({Black should try} 28... Rd6 $1 $19 {[%cal Rd6d2] White must now prevent ...Rd2.} 29. Bxe4 Rd2 30. Qxd2 (30. Qb1 $2 Qe2 $19) 30... Qxd2) 29. Bxe4 Qxe4+ 30. Qg2 Qd3 31. Qf3 Re3 32. Qf4 Re4 $40 {[%emt 0:02:04][%mdl 128] Black attacks.} 33. Qf3 Re3 34. Qf4 h5 35. Rf2 Re1+ 36. Kg2 Qd1 37. Qf3 {[%emt 0:01:19] And now Qxd1 would win.} (37. Rxf7 $2 Rg1+ 38. Kh3 Qg4+ 39. Qxg4 hxg4+ 40. Kxg4 Rxf7 $19) 37... Rg1+ 38. Kh3 Qd4 39. Qf4 (39. Rxf7 $2 Qg4+ 40. Qxg4 hxg4+ 41. Kxg4 Rxf7 $19) 39... Qd1 (39... Qxf4 $11 40. Rxf4 Rc1) 40. Rd2 $2 (40. Rxf7 $2 Qg4+ 41. Qxg4 hxg4+ 42. Kxg4 Rxf7 $19) (40. Rc7 $16 {stays on course.}) 40... Qe1 $19 {[%emt 0:00:18] Threatens to win with ...Qe6+.} 41. Rd6 {[%emt 0:00:44] Prevents Qe6+.} (41. Rb6 Rf1 42. Qg5) 41... Qe2 {[%emt 0:00:46] ( -> ...Rg2)} 42. Rbb6 {[%emt 0:00:24][%cal Od6g6] Threatening mate with Rxg6+!} Qg2+ 43. Kh4 Qxh2+ 44. Kg5 {[%emt 0:00:16][%cal Od6g6] White threatens Rxg6+! and mate.} Kh7 ({Weaker is} 44... Rxg3+ 45. Kh6 Qg1 46. Rd7 $11) (44... Qxg3+ $19 {has better winning chances.} 45. Qxg3 Rxg3+ 46. Kh4 Rg4+ 47. Kh3 Re8) 45. Rd3 $17 Qh3 {[%emt 0:01:19] Weighted Error Value: White=0.44/Black=0.27 (precise)} ({Resist} 45... Qxa2 46. Rd7 Qb2 47. Rf6 $11 (47. Rxf7+ Rxf7 48. Qxf7+ Qg7 $11)) 0-1

[Event "15th Tashkent Open Agzamov 2022"]
[Site "Tashkent"]
[Date "2022.05.08"]
[Round "7.9"]
[White "Iskandarov, Misratdin"]
[Black "Khusnutdinov, Rustam"]
[Result "1-0"]
[ECO "C63"]
[WhiteElo "2601"]
[BlackElo "2472"]
[Annotator "TA"]
[PlyCount "83"]
[EventDate "2022.05.05"]
[EventType "swiss"]
[EventCountry "UZB"]
[SourceTitle "playchess.com"]
[Source "ChessBase"]
[SourceQuality "1"]
[TimeControl "5400+30"]

1. e4 e5 2. Nf3 Nc6 3. Bb5 f5 4. d3 fxe4 5. dxe4 Nf6 6. O-O Bc5 7. Qd3 d6 8. Nc3 (8. Qc4 $5 ) 8... Bd7 {[%emt 0:07:40] C63: Ruy Lopez: Schliemann/Jaenisch Defence.} 9. Bg5 $5 {[%emt 0:09:05][%mdl 4] An interesting side line.} O-O {[%emt 0:02:14] [#]} 10. Bxc6 $146 ({Predecessor:} 10. Bc4+ Kh8 11. Nd5 Nb4 12. Nxb4 Bxb4 13. a3 Bc5 14. Bh4 h6 15. Rad1 Qe8 16. Kh1 {1-0 (63) Delmas Goyon,F (1902)-Galan,F (2025) Noisiel 2020}) 10... Bxc6 {[%emt 0:01:23] [#] White is slightly better.} 11. Nxe5 $1 Bxf2+ 12. Rxf2 dxe5 13. Qc4+ Kh8 14. Rd1 Qe8 15. Bxf6 Rxf6 16. Rxf6 gxf6 17. Nd5 Qe6 18. Qf1 Bxd5 19. Rxd5 $14 {[%emt 0:07:01][%mdl 4096] Endgame KQR-KQR} Rf8 20. b3 f5 21. Qf2 (21. c4 $14) 21... b6 (21... Qh6 $1 $11) 22. Qg3 $36 {[%emt 0:05:41][%mdl 2048] White is pushing.} Re8 $1 23. Qd3 {[%emt 0:00:20] White is more active.} fxe4 24. Qxe4 c6 25. Rd3 Rf8 26. Rh3 Rf5 $2 {[%emt 0:03:03] [#] Loses the game.} (26... Qf5 $14 27. Qxf5 Rxf5) 27. Rxh7+ $3 $18 Kxh7 28. g4 {[%emt 0:00:05][%mdl 64] Pin} Qd6 {[%emt 0:00:31] ( -> ...Qd1+)} 29. Qxf5+ {[%emt 0:00:22] KQ-KQ} Kg7 30. Qe4 b5 31. Kg2 c5 32. Kg3 c4 33. bxc4 bxc4 34. Qe3 ({Less strong is} 34. Qxc4 e4+ 35. Kf2 Qxh2+ 36. Ke3 Qh3+ 37. Kd4 (37. Kxe4 Qxg4+ 38. Kd5 Qd7+ 39. Kc5 Qc8+ 40. Kb4 Qb7+ 41. Qb5 Qe4+ 42. c4 Qb1+ 43. Ka3 Qd3+ 44. Ka4 Kf6 $18) 37... Qxg4 38. Qc7+ Kg6 $16) 34... a5 $2 (34... e4+ {is a better defense.} 35. Kg2 a5 36. Qxe4 Qd2+ 37. Kg3 Qd6+ 38. Kf3 Qxh2 39. Qxc4 Qg1) 35. h4 e4+ 36. Kg2 Qe6 37. Qg5+ Kh8 38. Qf5 Qc6 39. Qe5+ Kg8 40. Kg3 c3 $2 (40... Qa4 41. Qxe4 Qxa2) 41. h5 {[%emt 0:00:35] Hoping for Qg5+.} Qb6 42. Qxe4 {[%emt 0:00:20] Weighted Error Value: White=0.14 (very precise) /Black=0.38} 1-0